 Dungeon Sprint DCSS version 0.17.1-3-g152610e (webtiles) character file.

17180 Kokonut the Brawler (level 12, -2/136 HPs)
             Began as a Troll Berserker on Feb 27, 2016.
             Was a High Priest of Trog.
             Slain by an unseen horror (6 damage)
             ... in the Dungeon (Sprint I: "Red Sonja").
             The game lasted 00:24:36 (2634 turns).

Kokonut the Brawler (Troll Berserker)               Turns: 2634, Time: 00:24:36

Health: -2/136     AC:  4    Str: 30    XL:     12   Next: 16%
Magic:  11/11      EV: 14    Int:  3    God:    Trog [*****.]
Gold:   1254       SH:  0    Dex:  9    Spells: 0 memorised, 11 levels left

rFire  . . .     SeeInvis .     D - +5 eudemon blade (holy)
rCold  . . .     Clarity  .     a - +0 animal skin
rNeg   . . .     SustAt   .     (no shield)
rPois  .         Gourm    +     (helmet restricted)
rElec  .         Spirit   .     (no cloak)
rCorr  .         Warding  .     (gloves unavailable)
rMut   +         NoTele   +     (boots unavailable)
MR     ++...                    u - amulet of resist mutation
Stlth  +.........               (no ring)
                                (no ring)

@: regenerating, very resistant to hostile enchantments, very unstealthy
A: unfitting armour, claws 3, clumsy 1, deformed body, deterioration 1, fast
metabolism 3, gourmand, regeneration 2, shaggy fur 1, tough skin 2
a: Berserk, Trog's Hand, Brothers in Arms, Burn Spellbooks, Renounce Religion


You were in the Dungeon.
You worshipped Trog.
Trog was extremely pleased with you.
You were not hungry.

You visited 1 branch You collected 2044 gold pieces.
You spent 790 gold pieces at shops.

Inventory:

Hand Weapons
 l - a +0 shortbow
 q - the +3 hunting sling "Ceho" {freeze, +Blink +Fly Int+3}
   (Trog gifted it to you in the Dungeon)

   It causes projectiles fired from it to freeze those they strike, causing
   extra injury to most foes and up to half again as much damage against
   particularly susceptible opponents.
   They can also slow down cold-blooded creatures.
   It affects your intelligence (+3).
   It lets you fly.
   It lets you blink.
 s - the +4 executioner's axe of the Forsaken Runes {antimagic, Str-2 Int+3}
   (Trog gifted it to you in the Dungeon)

   It disrupts the flow of magical energy around spellcasters and certain
   magical creatures (including the wielder).
   It affects your strength (-2).
   It affects your intelligence (+3).
 v - a +1 antimagic battleaxe
 w - a +1 great mace of crushing
 y - a +4 antimagic great sword
 z - a +2 antimagic quarterstaff
 A - a +0 spear of flaming
 B - a +0 trident
 C - a +3 shortbow of flaming
 D - a +5 eudemon blade of holy wrath (weapon)
Missiles
 j - 24 bolts
 m - 23 arrows
Armour
 a - a +0 animal skin (worn)
Jewellery
 u - an amulet of resist mutation (around neck)
Wands
 i - a wand of flame (23)
 x - a wand of disintegration (12)
Scrolls
 h - a scroll of blinking
 k - 2 scrolls of remove curse {unknown}
 n - a scroll of magic mapping
 p - a scroll of random uselessness {unknown}
 r - 2 scrolls of recharging
Potions
 e - a potion of haste
 f - 2 potions of magic
 g - a potion of berserk rage
 o - a potion of agility {unknown}
Comestibles
 b - a bread ration
 t - 2 meat rations


   Skills:
 + Level 13.5 Fighting
 * Level 2.1 Long Blades
 + Level 2.3 Bows
 + Level 13.4 Dodging
 - Level 20.1 Unarmed Combat


You had 11 spell levels left.
You didn't know any spells.

Dungeon Overview and Level Annotations

Branches:
Dungeon (1/1)

Altars:
Cheibriados
Dithmenos
Elyvilon
Fedhas
Gozag
Kikubaaqudgha
Makhleb
Nemelex Xobeh
Okawaru
Qazlal
Ru
Sif Muna
Trog
Vehumet
Xom
Yredelemnul
Zin
The Shining One
Jiyva

Shops:
D !%%*![==:*(**?%(:%[[[

Annotations:
D exclusion: 2 doors


Innate Abilities, Weirdness & Mutations

You are too large for most types of armour.
You have claws for hands.
Your metabolism is lightning-fast.
You like to eat raw meat.
You heal very quickly.
You are covered in fur (AC +1).
You have very tough skin (AC +2).
You are clumsy. (Dex -2)
Armour fits poorly on your strangely shaped body.
Your body sometimes deteriorates upon taking damage.


Message History

* * * LOW HITPOINT WARNING * * *
Something barely misses you.
Your skin crawls.
You feel resistant to hostile enchantments.
You feel slightly more hungry. Something hits you.
* * * LOW HITPOINT WARNING * * *
Drink which item? (? for menu, Esc to quit)
You feel better. Something hits you.
* * * LOW HITPOINT WARNING * * *
Something hits you.
* * * LOW HITPOINT WARNING * * *
You slash something! Something hits you.
* * * LOW HITPOINT WARNING * * *
Something hits you.
* * * LOW HITPOINT WARNING * * *
Something hits you but does no damage. Something hits you.
* * * LOW HITPOINT WARNING * * *
Something hits you.
You die...

#..#§§..'.§§§§§'..#^^+,,,,*,,,,,,
##+#§####§.§§§##..'^^#,,,,**,,,,,
'..#§#,*##§§§#######'#,,,,,*****,
#..§§#+*,###§#).[##.)#,,,,,*,,,*,
#+####,,,*,#§##...#..##,,,,*,∩,*,
..^..#,,,**#.§###.#..≈###+**,,,*,
^.).§+,,,,,##.#.#.#.)≈.[#,****+*,
##§..#,,,,,#...##.#.(≈.##+*,,,,**
§#§..#**++*#.##.@.#(.≈##,,,,,,,,*
§#§§##*,,**#..#+###..≈#,,,,,,,,,,
.#§§#***,,*##...#,≈..##,,,,,,,,,,
.##+#,,*,,*,###.#M≈..#,,,,,,,,,,,
.##.#,,,,,,,,,*.###.(#,,,,,,,,,,,
.####,,,,,,,,,*.#,'..#*,,,,,,,,,,
.#,,+,,,,,,****+#,##'#*,,,,,,,,,,
§#****,,,***,,,,*,*≈≈≈**,,,,,,,,*
§#,,,*****,,,****,*≈≈≈≈**,,,,,,**


There were no monsters in sight!

Vanquished Creatures
  A deep elf annihilator (D)
  2 centaur warriors (D)
  3 unseen horrors (D)
  A deep troll (D)
  A lindwurm (D)
  An oklob plant (D)
  8 shining eyes (D)
  2 sirens (D)
  2 kobold demonologists (D)
  2 gargoyles (D)
  4 demonic crawlers (D)
  A hellwing (D)
  A slime creature (D)
  A yak (D)
  Sigmund (D)
  4 trapdoor spiders (D)
  13 hogs (D)
  An ogre (D)
  3 wasps (D)
  7 necrophages (D)
  Ijyb (D)
  8 jellies (D)
  6 giant eyeballs (D)
  3 ballistomycetes (D)
77 creatures vanquished.

Vanquished Creatures (collateral kills)
  A daeva (D)
  A hydra (D)
  Sonja (D)
  2 unseen horrors (D)
  A giant eyeball (D)
6 creatures vanquished.

Vanquished Creatures (others)
  2 wasps (D)
  2 giant spores (D)
4 creatures vanquished.

Grand Total: 87 creatures vanquished

Notes
Turn   | Place    | Note
--------------------------------------------------------------
     0 | D        | Kokonut the Troll Berserker began the quest for the Orb.
     0 | D        | Reached XP level 1. HP: 22/22 MP: 0/0
     2 | D        | Noticed Ijyb
     8 | D        | Killed Ijyb
     8 | D        | Reached skill level 4 in Unarmed Combat
     8 | D        | Reached XP level 2. HP: 17/31 MP: 1/1
    48 | D        | Noticed an ogre
    55 | D        | Killed an ogre
    55 | D        | Reached ** piety under Trog
    55 | D        | Reached skill level 5 in Fighting
    55 | D        | Reached skill level 5 in Dodging
    55 | D        | Reached skill level 6 in Unarmed Combat
    55 | D        | Reached XP level 3. HP: 8/42 MP: 2/2
    55 | D        | Reached XP level 4. HP: 9/50 MP: 3/3
   118 | D        | Noticed Sigmund
   122 | D        | Killed Sigmund
   122 | D        | Reached skill level 8 in Unarmed Combat
   122 | D        | Reached XP level 5. HP: 59/59 MP: 4/4
   122 | D        | Reached XP level 6. HP: 67/67 MP: 5/5
   187 | D        | Found a deep blue altar of Sif Muna.
   188 | D        | Noticed a jelly
   189 | D        | Found a radiant altar of Vehumet.
   192 | D        | Killed a jelly
   222 | D        | Found Rateumiq's General Store.
   222 | D        | Found a white marble altar of Elyvilon.
   222 | D        | Found a stormy altar of Qazlal.
   222 | D        | Found a burning altar of Makhleb.
   222 | D        | Found a sacrificial altar of Ru.
   222 | D        | Found a basalt altar of Yredelemnul.
   222 | D        | Found a glowing golden altar of the Shining One.
   222 | D        | Found a sparkling altar of Nemelex Xobeh.
   222 | D        | Found a shimmering altar of Xom.
   222 | D        | Found an opulent altar of Gozag.
   222 | D        | Found an ancient bone altar of Kikubaaqudgha.
   222 | D        | Found a glowing silver altar of Zin.
   222 | D        | Noticed a yak
   229 | D        | Killed a yak
   229 | D        | Reached *** piety under Trog
   229 | D        | Reached skill level 10 in Unarmed Combat
   230 | D        | Found an iron altar of Okawaru.
   231 | D        | Found a bloodstained altar of Trog.
   244 | D        | Noticed a centaur warrior
   247 | D        | Noticed a centaur warrior
   258 | D        | Killed a centaur warrior
   258 | D        | Reached skill level 12 in Unarmed Combat
   258 | D        | Reached XP level 7. HP: 51/80 MP: 6/6
   258 | D        | Reached XP level 8. HP: 56/88 MP: 7/7
   262 | D        | Killed a centaur warrior
   262 | D        | Reached skill level 13 in Unarmed Combat
   351 | D        | Noticed a deep troll
   356 | D        | Killed a deep troll
   356 | D        | Reached skill level 14 in Unarmed Combat
   356 | D        | Reached XP level 9. HP: 81/100 MP: 8/8
   368 | D        | Found Wooluh's Armour Emporium.
   389 | D        | Found a viscous altar of Jiyva.
   389 | D        | Found a blossoming altar of Fedhas.
   389 | D        | Noticed a slime creature
   406 | D        | Found a snail-covered altar of Cheibriados.
   406 | D        | Found a shadowy altar of Dithmenos.
   412 | D        | Killed a slime creature
   412 | D        | Reached **** piety under Trog
   437 | D        | Noticed Sonja
   438 | D        | Killed Sonja
   453 | D        | Found Ecwirano's Distillery.
   483 | D        | Noticed a wasp
   484 | D        | Killed a wasp
   484 | D        | Reached skill level 10 in Fighting
   495 | D        | Noticed an oklob plant
   499 | D        | Killed an oklob plant
   499 | D        | Reached skill level 10 in Dodging
   499 | D        | Reached skill level 15 in Unarmed Combat
   540 | D        | Noticed a trapdoor spider
   543 | D        | Killed a trapdoor spider
   660 | D        | Noticed a trapdoor spider
   661 | D        | Noticed a trapdoor spider
   664 | D        | Killed a trapdoor spider
   666 | D        | Killed a trapdoor spider
   671 | D        | Noticed a trapdoor spider
   674 | D        | Killed a trapdoor spider
   674 | D        | Reached ***** piety under Trog
   674 | D        | Reached XP level 10. HP: 54/111 MP: 9/9
   793 | D        | Noticed a jelly
   793 | D        | Noticed a jelly
   794 | D        | Noticed a jelly
   818 | D        | Killed an unseen horror
   818 | D        | Reached skill level 16 in Unarmed Combat
  1040 | D        | Killed an unseen horror
  1040 | D        | Received a gift from Trog
  1041 | D        | Got a fine hunting sling {god gift}
  1042 | D        | Identified the +3 hunting sling "Ceho" {freeze, +Blink +Fly Int+3} (Trog gifted it to you in the Dungeon)
  1047 | D        | Noticed a jelly
  1047 | D        | Noticed a jelly
  1047 | D        | Noticed a jelly
  1047 | D        | Noticed a jelly
  1050 | D        | Killed a jelly
  1052 | D        | Killed a jelly
  1052 | D        | Killed a wasp
  1053 | D        | Killed a jelly
  1054 | D        | Killed a jelly
  1056 | D        | Killed a jelly
  1058 | D        | Killed a jelly
  1059 | D        | Killed a jelly
  1062 | D        | Noticed a necrophage
  1062 | D        | Noticed a necrophage
  1062 | D        | Noticed a necrophage
  1062 | D        | Noticed a necrophage
  1062 | D        | Noticed a necrophage
  1062 | D        | Noticed a necrophage
  1062 | D        | Noticed a necrophage
  1063 | D        | Killed a necrophage
  1065 | D        | Killed a necrophage
  1067 | D        | Killed a necrophage
  1072 | D        | Killed a necrophage
  1076 | D        | Killed a necrophage
  1077 | D        | Killed a necrophage
  1082 | D        | Killed a necrophage
  1099 | D        | Found Giniutiz's Jewellery Shoppe.
  1099 | D        | Found Rixaqav's Jewellery Shop.
  1099 | D        | Found Lethrykko's Book Boutique.
  1101 | D        | Found Atumn's General Store.
  1101 | D        | Found Cuolua Qiane's Weapon Shop.
  1101 | D        | Found Batiut's General Store.
  1101 | D        | Found Atwiz's General Store.
  1101 | D        | Found Onlifoyse's Magic Scroll Emporium.
  1101 | D        | Found Hoygreg's Food Shop.
  1101 | D        | Found Okhlocue's Antique Weapon Shoppe.
  1105 | D        | Found Uqame's Book Boutique.
  1106 | D        | Bought a beef jerky for 19 gold pieces
  1106 | D        | Found Oferenew's Armour Emporium.
  1106 | D        | Found Qeusm's Food Boutique.
  1107 | D        | Found Alyi's Armour Emporium.
  1108 | D        | Bought a meat ration for 55 gold pieces
  1130 | D        | Bought an uncursed amulet of resist mutation for 480 gold pieces
  1137 | D        | Bought a scroll of magic mapping for 45 gold pieces
  1213 | D        | Killed a wasp
  1256 | D        | Noticed a shining eye
  1256 | D        | Noticed a shining eye
  1256 | D        | Noticed a shining eye
  1256 | D        | Noticed a shining eye
  1256 | D        | Noticed a shining eye
  1256 | D        | Noticed a shining eye
  1257 | D        | Paralysed by a giant eyeball for 2 turns
  1259 | D        | Noticed a shining eye
  1259 | D        | Noticed a shining eye
  1260 | D        | Gained mutation: Armour fits poorly on your strangely shaped body. [a shining eye]
  1263 | D        | Paralysed by a giant eyeball for 2 turns
  1264 | D        | Gained mutation: You are clumsy. (Dex -2) [a shining eye]
  1266 | D        | Reached ****** piety under Trog
  1270 | D        | Killed a shining eye
  1270 | D        | Reached skill level 17 in Unarmed Combat
  1271 | D        | Gained mutation: Your body sometimes deteriorates upon taking damage. [a shining eye]
  1272 | D        | Killed a shining eye
  1272 | D        | Received a gift from Trog
  1274 | D        | Killed a shining eye
  1275 | D        | Killed a shining eye
  1278 | D        | Killed a shining eye
  1281 | D        | Killed a shining eye
  1281 | D        | Reached XP level 11. HP: 122/122 MP: 10/10
  1282 | D        | Killed a shining eye
  1286 | D        | Killed a shining eye
  1286 | D        | Reached skill level 18 in Unarmed Combat
  1289 | D        | Received a gift from Trog
  1290 | D        | Got a scorched executioner's axe {god gift}
  1300 | D        | Found Juggoen's Food Shoppe.
  1300 | D        | Found Loseq's Distillery.
  1300 | D        | Found Eskiuj's Food Emporium.
  1300 | D        | Found Uleg's Armour Boutique.
  1307 | D        | Bought a meat ration for 65 gold pieces
  1356 | D        | Noticed a kobold demonologist
  1357 | D        | Noticed a kobold demonologist
  1361 | D        | Killed a kobold demonologist
  1365 | D        | Killed a kobold demonologist
  1373 | D        | Noticed a demonic crawler
  1373 | D        | Noticed a demonic crawler
  1373 | D        | Noticed a demonic crawler
  1373 | D        | Noticed a demonic crawler
  1381 | D        | Killed a demonic crawler
  1388 | D        | Killed a demonic crawler
  1390 | D        | Killed a demonic crawler
  1390 | D        | Received a gift from Trog
  1393 | D        | Killed a demonic crawler
  1528 | D        | Identified the +4 executioner's axe of the Forsaken Runes {antimagic, Str-2 Int+3} (Trog gifted it to you in the Dungeon)
  1533 | D        | Noticed a gargoyle
  1539 | D        | Killed a gargoyle
  1637 | D        | Noticed a lindwurm
  1643 | D        | Killed a lindwurm
  1651 | D        | Noticed a hog
  1651 | D        | Noticed a hog
  1651 | D        | Noticed a hog
  1651 | D        | Noticed a hog
  1651 | D        | Noticed a hog
  1651 | D        | Noticed a hog
  1651 | D        | Noticed a hog
  1651 | D        | Noticed a hog
  1651 | D        | Noticed a hog
  1651 | D        | Noticed a hog
  1653 | D        | Killed a hog
  1656 | D        | Killed a hog
  1662 | D        | Killed a hog
  1662 | D        | Reached skill level 19 in Unarmed Combat
  1664 | D        | Noticed a hog
  1665 | D        | Killed a hog
  1667 | D        | Killed a hog
  1667 | D        | Received a gift from Trog
  1671 | D        | Killed a hog
  1674 | D        | Killed a hog
  1675 | D        | Killed a hog
  1679 | D        | Killed a hog
  1684 | D        | Noticed a hog
  1684 | D        | Killed a hog
  1686 | D        | Killed a hog
  1687 | D        | Killed a hog
  1687 | D        | Received a gift from Trog
  1697 | D        | Noticed a hog
  1706 | D        | Killed a hog
  1738 | D        | Noticed a 12-headed hydra
  1744 | D        | Killed a 12-headed hydra
  1911 | D        | Noticed a siren
  1911 | D        | Noticed a deep elf annihilator
  1912 | D        | Noticed a hellwing
  1918 | D        | Noticed a siren
  1928 | D        | Killed a siren
  1943 | D        | Killed a siren
  1953 | D        | Killed a hellwing
  2048 | D        | Killed a deep elf annihilator
  2048 | D        | Received a gift from Trog
  2126 | D        | Noticed a wasp
  2132 | D        | Noticed a gargoyle
  2134 | D        | Killed a wasp
  2141 | D        | Killed a gargoyle
  2141 | D        | Reached skill level 20 in Unarmed Combat
  2141 | D        | Reached XP level 12. HP: 110/135 MP: 11/11
  2143 | D        | Noticed a mummy priest
  2143 | D        | Noticed a wasp
  2149 | D        | Killed a wasp
  2149 | D        | Reached skill level 1 in Bows
  2509 | D        | Bought a scroll of identify for 22 gold pieces
  2509 | D        | Bought a scroll of recharging for 104 gold pieces
  2547 | D        | Noticed a daeva
  2561 | D        | Killed a daeva
  2566 | D        | Killed an unseen horror
  2572 | D        | Killed an unseen horror
  2572 | D        | Reached skill level 1 in Long Blades
  2625 | D        | Killed an unseen horror
  2627 | D        | HP: 6/136 [something (3)]
  2633 | D        | HP: 5/136 [something (5)]
  2634 | D        | Slain by an unseen horror

Action                   |  1- 3 |  4- 6 |  7- 9 | 10-12 || total
-------------------------+-------+-------+-------+-------++-------
Melee: Unarmed           |     7 |    17 |    30 |   174 ||   228
       Hunting sling     |       |       |       |     1 ||     1
       Eudemon blade     |       |       |       |    10 ||    10
 Fire: Shortbow          |       |       |       |    20 ||    20
Invok: Berserk           |     2 |     2 |     1 |     2 ||     7
       Brothers in Arms  |       |       |     1 |     6 ||     7
       Trog's Hand       |       |       |       |     1 ||     1
Evoke: Wand              |       |       |       |     1 ||     1
  Use: Scroll            |       |       |       |     2 ||     2
       Potion            |       |       |       |     4 ||     4
  Eat: Chunk             |     3 |       |     6 |    12 ||    21
       Bread ration      |       |       |       |     1 ||     1
       Beef jerky        |       |       |       |     1 ||     1
       Meat ration       |       |       |       |     1 ||     1
